Map: Romanticide LE

Players

Massa

  • Race: Terran Terran
  • League: Platinum

Tormentor - Winner!

  • Race: Protoss Protoss
  • League: Platinum

VOD

Have the link to the VOD?

Description

Time

  • Played on: April 7, 2021, 3:49 p.m.
  • Length: 29:32
Show
View Real Time Build Order
Export as new Build Order

Massa Terran 

Build Orders:  

Get SALT Encoding   

  12  0:00  SCV  
  13  0:12  SCV  
  14  0:20  Supply Depot  
  14  0:24  SCV  
  15  0:42  SCV, Barracks  
  16  0:51  Refinery  
  16  0:54  SCV  
  17  1:06  SCV  
  18  1:18  SCV  
  19  1:31  Orbital Command  
  19  1:44  Command Center  
  19  1:51  Marine  
  20  1:59  SCV  
  21  2:02  Bunker  
  21  2:08  Marine  
  21  2:11  SCV  
  23  2:34  Supply Depot  
  23  2:35  SCV  
  23  2:36  Factory  
  23  2:47  Engineering Bay  
  23  2:49  Supply Depot  
  23  2:55  SCV, Marine  
  23  2:56  Barracks  
  25  3:09  Orbital Command, SCV  
  26  3:13  Marine  
  27  3:20  Hellion  
  29  3:35  SCV  
  29  3:36  SCV  
  30  3:41  Marine  
  30  3:44  Barracks Tech Lab  
  30  3:47  SCV, Barracks  
  32  4:02  Marine  
  28  4:04  Hellion  
  28  4:06  Terran Infantry Weapons Level 1  
  28  4:07  Stimpack  
  28  4:09  Marauder  
  28  4:20  Marine  
  28  4:24  Supply Depot  
  28  4:30  Marauder  
  23  4:39  SCV  
  23  4:40  SCV  
  23  4:42  Marine  
  24  4:52  SCV, Marine  
  25  4:56  Widow Mine  
  23  5:10  Marine  
  24  5:17  Widow Mine, Missile Turret  
  24  5:18  Missile Turret  
  24  5:20  Marine  
  27  5:25  SCV x2  
  26  5:38  Marine  
  26  5:51  Widow Mine  
  26  5:56  SCV x2  
  29  6:00  Missile Turret  
  27  6:08  SCV  
  27  6:11  Marauder  
  29  6:12  Widow Mine, Marine  
  32  6:24  Bunker  
  32  6:30  Marine  
  31  6:50  SCV x2  
  33  7:02  SCV  
  33  7:03  SCV  
  35  7:18  SCV x2  
  37  7:24  Widow Mine  
  37  7:28  Marine  
  40  7:30  SCV x2  
  40  7:31  Marine  
  43  7:38  Barracks x2  
  43  7:40  Command Center  
  43  7:42  SCV  
  44  7:46  Marine, Combat Shield  
  44  7:49  Marine  
  46  7:56  Refinery  
  46  7:58  Refinery  
  46  8:04  Factory Tech Lab, Marine  
  45  8:06  Marine  
  44  8:22  Barracks Tech Lab  
  44  8:27  Marine x4  
  44  8:29  SCV x2  
  50  8:40  Cyclone  
  53  8:41  SCV  
  54  8:49  Supply Depot  
  54  8:50  Supply Depot  
  54  8:51  SCV, Marine x4  
  54  8:54  Starport  
  59  8:57  SCV  
  59  9:00  Orbital Command  
  60  9:05  Concussive Shells  
  60  9:09  Marauder, Marine x2  
  64  9:36  Medivac  
  66  9:39  Siege Tank  
  66  9:44  SCV x3  
  72  9:48  Barracks Reactor  
  72  9:51  Refinery  
  72  9:52  Missile Turret  
  72  9:55  Barracks Reactor, Barracks Tech Lab  
  72  9:56  SCV x2  
  74  10:01  SCV  
  74  10:06  Medivac  
  77  10:08  Terran Infantry Armor Level 1, SCV x2  
  77  10:10  Marine x2  
  81  10:27  Marine  
  81  10:28  Marine  
  83  10:41  Marauder  
  85  10:48  Supply Depot  
  85  10:49  Supply Depot  
  85  11:08  Marine  
  85  11:09  SCV x2  
  85  11:10  Marine x2, Medivac, Siege Tank  
  85  11:11  Marauder x2  
  95  11:12  Supply Depot  
  95  11:13  Supply Depot  
  84  11:20  Marine  
  84  11:21  SCV x2, Marauder  
  85  11:26  Marine  
  85  11:28  Marine  
  85  11:32  Orbital Command  
  86  11:37  Supply Depot  
  86  11:40  Medivac  
  86  11:42  Siege Tank  
  91  11:50  Marauder x2, Marine  
  91  11:51  SCV x2  
  88  11:57  SCV  
  89  12:03  SCV x2  
  91  12:12  Armory  
  91  12:13  Starport Tech Lab  
  91  12:14  Siege Tank  
  94  12:20  Factory  
  94  12:22  SCV x2  
  96  12:23  SCV  
  96  12:34  SCV  
  68  13:01  Marauder  
  68  13:02  Marauder x2, Marine x4  
  68  13:03  Siege Tank  
  68  13:04  SCV  
  68  13:05  SCV x2  
  84  13:16  SCV  
  84  13:17  Raven  
  87  13:20  Marine x2  
  87  13:23  Marauder x3  
  85  13:35  Siege Tank  
  85  13:37  Command Center  
  85  13:40  Barracks  
  88  13:41  Refinery  
  88  13:42  Refinery, Factory Tech Lab  
  88  13:44  Marine  
  88  13:45  Marauder x3, Marine x3  
  98  14:00  Raven, Terran Infantry Weapons Level 2  
  98  14:02  Marine x2  
  101  14:03  Engineering Bay, Marine x2  
  101  14:06  Marauder, Marine x2  
  110  14:24  Marauder x2, Missile Turret  
  110  14:27  Marauder, Sensor Tower  
  114  14:43  Medivac  
  116  14:46  Thor  
  116  14:48  Thor  
  128  14:52  Supply Depot  
  128  14:54  Supply Depot  
  128  14:55  Supply Depot  
  128  14:59  Supply Depot  
  128  15:01  SCV  
  128  15:02  SCV x2  
  131  15:15  Missile Turret  
  131  15:16  Sensor Tower, Missile Turret  
  131  15:17  Missile Turret  
  131  15:19  Missile Turret, Supply Depot  
  131  15:20  Medivac  
  133  15:22  Starport, Supply Depot  
  133  15:27  Supply Depot  
  133  15:28  Ghost Academy  
  133  15:29  Supply Depot  
  133  15:30  Terran Infantry Armor Level 2, Terran Vehicle And Ship Armor Level 1  
  133  15:32  Barracks Tech Lab  
  133  15:34  Marauder x3, Marine x4  
  143  15:44  Supply Depot  
  143  15:50  Viking  
  143  15:52  Marine  
  143  15:55  Marauder x2  
  150  15:57  Planetary Fortress  
  150  16:02  Refinery  
  150  16:03  Refinery  
  150  16:04  SCV x3  
  153  16:16  SCV  
  154  16:24  Thor x2  
  166  16:27  Marauder x3, Marine x3  
  175  16:45  Command Center  
  175  16:53  Viking x2  
  179  17:07  Thor  
  185  17:15  Marauder x3, Marine  
  183  17:21  Marauder, Marine x2  
  169  17:37  Marauder x3  
  116  17:48  Marauder, Marine x2  
  116  17:49  Marine x2  
  116  17:51  Thor x2  
  116  17:53  Starport Reactor  
  116  17:55  Raven  
  116  17:58  Marauder x3  
  130  18:01  SCV x4  
  134  18:09  Marauder  
  136  18:13  SCV x2  
  136  18:19  Marauder  
  139  18:27  Command Center  
  139  18:29  Command Center  
  139  18:33  Thor  
  145  18:38  Raven  
  147  18:42  Marauder x4  
  147  18:43  Marine x3  
  156  18:55  Viking x2  
  160  19:02  Ghost  
  160  19:03  Ghost  
  164  19:10  Marauder  
  164  19:11  Marauder, Marine x4  
  172  19:20  Orbital Command  
  172  19:21  Viking  
  174  19:25  Viking x2  
  174  19:29  Marine x2  
  174  19:31  Ghost x2  
  175  19:54  Missile Turret  
  175  19:57  Missile Turret  
  166  20:23  Orbital Command  
  142  21:30  SCV x4  
  144  21:42  SCV x4  
  107  21:56  Thor x2  
  107  21:58  Marauder x4, Marine x3  
  130  22:15  Marine  
  130  22:16  Marine  
  130  22:18  Ghost, Medivac  
  130  22:19  Marauder, Ghost, Medivac x2  
  130  22:20  Marauder  
  121  22:39  Thor x2  
  121  22:41  Marauder x2  
  123  22:48  Viking  
  123  22:49  Viking  
  125  22:55  Viking  
  121  23:05  Marauder x4  
  129  23:06  Marine  
  128  23:18  Viking x2  
  132  23:22  Thor  
  132  23:25  Viking  
  132  23:26  Marauder  
  132  23:27  Marauder x2  
  146  23:30  Planetary Fortress  
  146  23:35  SCV  
  146  23:38  Refinery x2  
  147  23:41  Terran Infantry Weapons Level 3  
  147  24:11  Enhanced Shockwaves  
  147  24:25  Refinery  
  147  24:26  Viking x2  
  147  24:27  Viking  
  147  24:29  Refinery  
  153  24:34  Command Center  
  121  24:55  Thor  
  121  24:56  Medivac x2, Viking  
  121  24:57  Marine x2  
  135  25:15  Planetary Fortress  
  135  25:25  Sensor Tower  
  135  25:30  Personal Cloaking  
  135  25:47  Marine x3  
  135  25:48  Marauder x3, Marine x2  
  145  26:05  Marine  
  146  26:20  Planetary Fortress  
  146  26:30  Ghost x4  
  154  26:35  Command Center  
  154  26:39  Command Center  
  153  26:58  Ghost  
  154  27:18  Raven  
  90  27:41  Marauder x4, Marine x2  
  90  27:42  Marine x2, Thor  
  90  27:43  Thor  
  114  27:59  Marine x3  
  114  28:00  Marine  
  114  28:01  Raven  
  114  28:02  Marauder x2, Marine  
  125  28:07  Missile Turret  
  125  28:14  Marauder  
  125  28:17  Marine x3  
  130  28:20  Marauder  
  83  28:56  Marauder x4, Marine x4  
  85  29:14  Marine  
Show
View Real Time Build Order
Export as new Build Order

Tormentor Protoss - Winner!

Build Orders:  

Get SALT Encoding   

  12  0:00  Probe  
  13  0:12  Probe  
  14  0:17  Pylon  
  14  0:24  Probe  
  15  0:36  Probe  
  15  0:38  Gateway  
  16  0:44  Assimilator  
  16  0:48  Probe (Chrono Boost)  
  17  0:53  Assimilator  
  17  0:58  Probe (Chrono Boost)  
  17  1:03  Assimilator  
  18  1:12  Gateway  
  18  1:17  Probe  
  19  1:28  Cybernetics Core  
  19  1:33  Probe  
  20  1:42  Pylon  
  20  1:46  Probe  
  21  1:58  Probe  
  22  2:03  Adept (Chrono Boost)  
  22  2:04  Adept (Chrono Boost)  
  26  2:13  Probe  
  27  2:21  Pylon  
  27  2:25  Probe  
  28  2:33  Stargate  
  28  2:45  Stalker  
  28  2:48  Stalker  
  32  3:02  Pylon  
  32  3:12  Void Ray  
  32  3:15  Stalker  
  38  3:22  Stalker  
  40  3:45  Stalker  
  42  3:49  Void Ray  
  44  4:17  Stalker  
  46  4:38  Stalker  
  42  4:49  Void Ray  
  40  4:53  Stalker  
  40  4:55  Probe  
  40  4:58  Pylon  
  47  5:09  Nexus  
  47  5:16  Probe, Stalker  
  50  5:23  Stalker  
  46  5:46  Stalker  
  44  6:02  Void Ray  
  44  6:06  Stalker  
  46  6:16  Stalker  
  42  6:20  Probe (Chrono Boost)  
  43  6:26  Robotics Facility  
  43  6:30  Probe (Chrono Boost)  
  44  6:35  Probe (Chrono Boost)  
  44  6:36  Stalker  
  44  6:39  Probe (Chrono Boost), Assimilator  
  46  6:45  Probe (Chrono Boost)  
  46  6:46  Stalker  
  49  7:04  Probe x2  
  49  7:06  Stalker  
  49  7:07  Oracle  
  52  7:26  Probe x2  
  52  7:29  Zealot  
  56  7:36  Zealot  
  58  7:37  Robotics Bay  
  58  7:38  Probe  
  58  7:40  Pylon  
  58  7:42  Forge  
  60  7:44  Observer  
  60  7:47  Pylon  
  60  7:50  Probe x2  
  62  8:08  Void Ray  
  62  8:12  Immortal  
  66  8:15  Zealot x2  
  74  8:25  Twilight Council  
  74  8:26  Probe x2 (Chrono Boost)  
  76  8:38  Probe x2 (Chrono Boost)  
  78  8:44  Nexus  
  78  8:45  Probe (Chrono Boost)  
  79  8:59  Colossus (Chrono Boost)  
  79  9:00  Protoss Ground Weapons Level 1  
  79  9:03  Charge  
  79  9:09  Probe  
  86  9:18  Pylon  
  86  9:19  Pylon  
  86  9:23  Probe  
  80  9:31  Zealot x2  
  80  9:32  Extended Thermal Lance (Chrono Boost)  
  80  9:33  Probe  
  80  9:38  Probe  
  86  9:43  Assimilator  
  86  9:58  Shield Battery  
  86  9:59  Shield Battery  
  86  10:00  Photon Cannon  
  86  10:04  Photon Cannon  
  86  10:09  Colossus  
  92  10:17  Assimilator  
  92  10:20  Assimilator  
  92  10:32  Void Ray  
  92  10:33  Zealot x2  
  96  10:39  Probe x3  
  103  10:51  Probe x2  
  105  11:00  Stalker  
  105  11:15  Void Ray  
  105  11:18  Zealot  
  103  11:19  Colossus  
  113  11:30  Zealot  
  114  11:40  Pylon  
  114  11:42  Pylon  
  114  11:45  Zealot  
  112  11:53  Protoss Ground Weapons Level 2 (Chrono Boost)  
  112  11:54  Probe x3  
  113  11:55  Void Ray  
  113  11:57  Zealot  
  121  12:06  Probe  
  122  12:12  Zealot  
  122  12:13  Immortal  
  120  12:32  Void Ray  
  76  13:02  Stalker  
  76  13:03  Stalker  
  80  13:09  Void Ray  
  80  13:10  Colossus  
  80  13:11  Probe x2  
  80  13:12  Probe  
  93  13:32  Stalker  
  93  13:33  Zealot  
  97  13:35  Gateway  
  97  13:36  Gateway  
  97  13:38  Gateway  
  97  13:42  Probe x3  
  97  13:43  Dark Shrine  
  97  13:47  Nexus  
  100  13:54  Probe x3  
  103  14:00  Zealot  
  103  14:02  Fleet Beacon  
  105  14:03  Protoss Air Weapons Level 1 (Chrono Boost)  
  105  14:05  Robotics Facility  
  105  14:06  Probe, Stargate  
  105  14:08  Disruptor  
  109  14:19  Probe  
  109  14:20  Probe x2  
  112  14:25  Pylon  
  112  14:27  Pylon  
  112  14:29  Pylon  
  112  14:32  Assimilator  
  112  14:34  Zealot x3, Assimilator  
  112  14:35  Zealot  
  120  14:38  Stalker, Protoss Ground Weapons Level 3 (Chrono Boost)  
  120  14:44  Disruptor  
  125  14:48  Probe x3  
  128  14:56  Shield Battery  
  128  14:58  Shield Battery  
  128  15:00  Probe x3, Photon Cannon  
  128  15:01  Photon Cannon  
  128  15:04  Photon Cannon  
  131  15:20  Dark Templar  
  131  15:21  Dark Templar x4  
  141  15:26  Shadow Stride  
  141  15:31  Disruptor  
  144  16:00  Dark Templar x5  
  154  16:28  Colossus  
  154  16:30  Colossus  
  166  16:39  Dark Templar x4  
  172  16:45  Dark Templar  
  172  16:47  Pylon  
  172  16:48  Pylon  
  172  16:49  Archon x2  
  172  16:50  Pylon  
  172  16:58  Archon  
  172  16:59  Archon  
  172  17:18  Zealot, Dark Templar x2  
  148  17:55  Nexus  
  148  17:57  Unknown, Pylon  
  148  17:59  Dark Templar x3  
  148  18:00  Dark Templar x2  
  148  18:01  Colossus x2, Pylon  
  170  18:09  Pylon  
  170  18:11  Assimilator  
  170  18:12  Pylon  
  170  18:14  Nexus  
  170  18:16  Pylon  
  170  18:17  Pylon  
  170  18:19  Pylon  
  170  18:24  Assimilator  
  170  18:27  Pylon  
  170  18:38  Dark Templar x2  
  174  18:55  Zealot x3  
  180  18:57  Disruptor x2  
  180  18:59  Carrier  
  180  19:00  Carrier  
  180  19:01  Probe x2  
  200  19:26  Shield Battery  
  200  19:28  Shield Battery  
  200  19:29  Shield Battery  
  200  19:30  Shield Battery  
  197  19:32  Shield Battery  
  197  19:33  Photon Cannon  
  197  19:34  Photon Cannon  
  197  19:39  Photon Cannon x3  
  197  19:43  Photon Cannon  
  194  20:16  Dark Templar  
  194  20:17  Dark Templar x2  
  184  21:00  Zealot x2  
  184  21:01  Zealot x3  
  184  21:02  Immortal  
  184  21:03  Immortal  
  140  21:22  Archon, Carrier  
  141  21:25  Carrier  
  141  21:27  Zealot  
  141  21:28  Dark Templar x4  
  157  21:41  Immortal  
  157  21:42  Immortal  
  111  21:56  Zealot (Chrono Boost)  
  111  22:06  Nexus  
  111  22:07  Zealot (Chrono Boost)  
  111  22:08  Dark Templar (Chrono Boost)  
  117  22:09  Zealot (Chrono Boost)  
  117  22:10  Zealot (Chrono Boost), Shield Battery  
  117  22:11  Immortal (Chrono Boost)  
  117  22:12  Archon  
  117  22:13  Archon, Immortal (Chrono Boost)  
  117  22:20  Carrier, Zealot (Chrono Boost)  
  127  22:24  Protoss Shields Level 1  
  127  22:27  Zealot (Chrono Boost)  
  127  22:28  Zealot x2 (Chrono Boost)  
  131  22:30  Carrier  
  111  22:54  Stalker x4  
  111  22:55  Stalker  
  121  23:03  Assimilator  
  121  23:05  Pylon, Assimilator  
  121  23:11  Pylon  
  121  23:18  Gateway  
  121  23:20  Gateway  
  121  23:22  Gateway  
  121  23:24  Gateway, Immortal x2, Stalker x2, Dark Templar  
  135  23:28  Robotics Facility  
  135  23:29  Robotics Facility  
  135  23:31  Shield Battery x2  
  135  23:32  Photon Cannon x2  
  135  23:34  Photon Cannon  
  135  23:44  Stalker  
  135  23:45  Zealot  
  132  23:54  Zealot  
  125  24:07  Probe x3  
  125  24:08  Probe  
  121  24:36  Dark Templar x5  
  125  24:43  Immortal  
  103  24:50  Immortal  
  95  25:15  Zealot x4  
  95  25:16  Zealot  
  95  25:20  Archon  
  95  25:21  Archon  
  105  25:30  Nexus  
  105  25:31  Nexus  
  105  25:47  Assimilator  
  105  25:52  Dark Templar x2  
  105  25:53  Dark Templar  
  111  26:13  Dark Templar x2  
  111  26:14  Immortal  
  111  26:15  Immortal  
  123  26:31  Dark Templar  
  126  26:32  Probe  
  126  26:33  Probe x3  
  129  26:45  Probe  
  130  26:55  Dark Templar  
  130  26:56  Dark Templar x2  
  130  26:57  Dark Templar  
  130  26:58  Immortal  
  130  26:59  Immortal  
  130  27:00  Carrier  
  152  27:19  Archon  
  118  27:38  Immortal x2  
  126  27:44  Archon x2  
  126  27:48  Dark Templar x2  
  126  27:49  Dark Templar x3  
  136  28:17  Observer x2  
  138  28:27  Zealot x2  
  124  28:45  Stalker x3  
  124  28:46  Immortal x2  
Tags
 
Add a new tag
Caveats
  • Supply blocks, unpowered buildings, or Contaminate may cause inaccurate times.
  • Supply counts are checked every 10 seconds.